AoeStats
← Ux'TheNovack

Oasis

508308615Analyzed
2v2 RM · 11d ago on Sep 21, 2026· 44m 11s· 4 players
Game mode
Random Map
Map size
Medium (4 player)
Population
200
Speed
Normal
Resources
Standard
Victory
Conquest
Starting age
Dark Age
Ending age
Imperial Age
RankedLock teamsTeams togetherTeam positionsShared explorationLock speedFull tech treeHidden civsTurbo modeCheats
Victory
Defeat
🇲🇽 Magyars · Mexico
1482
+15
🇨🇦 Mongols · Canada
1402
+18
🇪🇸 Britons · Spain
1498
-19
🇪🇸 Magyars · Spain
1396
-14
Ux'Tycho0201
4:52 Loom
9:39 Feudal Age
18:07 Double-Bit Axe
23:25 Castle Age
22:35 Scale Barding Armor
23:53 Bloodlines
24:50 Husbandry
27:18 Town Watch
29:31 Wheelbarrow
34:58 Horse Collar
37:08 Bow Saw
44:02 Imperial Age
44:00 Hand Cart
Ux'TheNovack
4:08 Loom
9:28 Feudal Age
10:16 Double-Bit Axe
13:52 Fletching
21:39 Castle Age
23:08 Wheelbarrow
21:55 Crossbowman
22:32 Bodkin Arrow
25:09 Horse Collar
34:30 Imperial Age
32:34 Ballistics
33:26 Gold Mining
33:34 Stone Mining
34:32 Arbalester
35:18 Bracer
36:43 Chemistry
36:47 Conscription
37:29 Padded Archer Armor
37:52 Elite Skirmisher
39:34 Leather Archer Armor
mhn30
9:29 Feudal Age
7:48 Loom
11:20 Double-Bit Axe
11:28 Horse Collar
14:20 Forging
20:30 Castle Age
19:19 Stone Mining
26:35 Fletching
28:58 Wheelbarrow
29:27 Gold Mining
29:58 Bodkin Arrow
32:44 Ballistics
35:16 Imperial Age
33:50 Padded Archer Armor
36:26 Bow Saw
38:48 Gold Shaft Mining
38:19 Bracer
40:04 Chemistry
39:15 Masonry
39:02 Murder Holes
40:33 Conscription
40:57 Bloodlines
40:48 Husbandry
40:08 Light Cavalry
41:28 Hoardings
41:48 Leather Archer Armor
42:52 Elite Mangudai
dzk
7:08 Loom
12:42 Feudal Age
18:29 Castle Age
17:04 Double-Bit Axe
17:42 Horse Collar
19:24 Bow Saw
23:16 Town Watch
30:28 Wheelbarrow
30:04 Heavy Plow
33:47 Imperial Age
31:46 Elite Skirmisher
33:16 Corvinian Army
33:23 Scale Barding Armor
33:09 Fletching
35:03 Ballistics
35:08 Conscription
34:44 Bodkin Arrow
35:53 Chemistry
35:18 Gold Mining
36:40 Bracer
37:02 Chain Barding Armor
37:33 Padded Archer Armor
38:18 Plate Barding Armor
38:37 Leather Archer Armor
39:37 Bloodlines
39:27 Husbandry
39:47 Elite Magyar Huszar
39:52 Light Cavalry
Connection lost

Rejoining the realm…

Still unreachable

The connection could not be restored.

Session expired

The server has moved on; the page needs a fresh start.